 Dungeon Crawl Stone Soup version 0.20-a0-1073-g49e0d3e (webtiles) character file.

174 Murumi the Covert (level 5, -1/55 HPs)
             Began as a Vampire Enchanter on Apr 29, 2017.
             Killed by divine providence
             ... invoked by an orc priest
              (12 damage)
             ... on level 3 of the Dungeon.
             The game lasted 00:11:03 (3378 turns).

Murumi the Covert (Vampire Enchanter)               Turns: 3378, Time: 00:11:03

Health: -1/55      AC: 22    Str:  5 (7)  XL:     5   Next: 28%
Magic:  1/8        EV:  2    Int: 16 (17) God:
Gold:   108        SH:  0    Dex: 16 (18) Spells: 2/8 levels left

rFire    . . .     SeeInvis +   a - +1 dagger
rCold    . . .     Gourm    .   (no shield)
rNeg     + + +     Faith    .   (armour currently unavailable)
rPois    +         Spirit   .   (helmet currently unavailable)
rElec    .         Reflect  .   (cloak currently unavailable)
rCorr    .         Harm     .   (gloves currently unavailable)
MR       .....     Clarity  +   (boots currently unavailable) Stlth ++++......NoTele +
                                (no amulet)
Regen    0.2/turn               (no ring)
MPRegen  0.2/turn               (no ring)

@: tree-form
A: see invisible, agile 1, clarity, high mp 1
a: Bat Form


You were on level 3 of the Dungeon.
You were not thirsty.
You were a tree.
You visited 1 branch of the dungeon, and saw 3 of its levels.

You collected 108 gold pieces.

Inventory:

Hand Weapons
 a - a +1 dagger (weapon)
Armour
 b - a +1 robe (melded)
 l - a +0 helmet (melded)
Scrolls
 h - a scroll of teleportation
 i - a scroll of fog {unknown}
 k - a scroll of noise {unknown}
Potions
 d - 20 potions of blood
 e - a potion of heal wounds
 f - a potion of mutation
Books
 c - a book of Maledictions

   Spells                             Type                      Level
   a - Corona                         Hexes                        1
   b - Ensorcelled Hibernation        Hexes/Ice                    2
   c - Confuse                        Hexes                        3
   d - Tukima's Dance                 Hexes                        3
   e - Dazzling Spray                 Conjuration/Hexes            3


   Skills:
 - Level 1.0 Fighting
 - Level 2.1 Short Blades
 - Level 2.1 Dodging
 + Level 8.5 Stealth
 - Level 2.0 Spellcasting
 - Level 4.4 Hexes


You had 2 spell levels left.
You knew the following spells:

 Your Spells              Type           Power        Failure   Level  Hunger
a - Corona                Hex            ###....      3%          1    #......
b - Ensorcelled Hibernat  Hex/Ice        #.....       13%         2    ###....
c - Confuse               Hex            ###.....     10%         3    ###....


Dungeon Overview and Level Annotations

Branches:
Dungeon (3/15)

Altars:
Makhleb
Ru


Innate Abilities, Weirdness & Mutations

((You have razor-sharp teeth.))
You have supernaturally acute eyesight. (SInv)
((You can survive without breathing.))
You are agile. (Dex +2)
You possess an exceptional clarity of mind.
You have an increased reservoir of magic. (+10% MP)


Message History

You hit the orc.
You kill the orc!
The orc priest invokes the aid of Beogh against you.
Beogh smites you!
* * * LOW HITPOINT WARNING * * *
Casting: Ensorcelled Hibernation
Confirm with . or Enter, or press ? or * to list all spells.
Aiming: Ensorcelled Hibernation
Press: ? - help, Shift-Dir - straight line, f/p - orc priest
Aim: an orc priest, wielding a dagger and wearing a leather armour (lightly wounded, chance to defeat MR: 39%)
The orc priest resists with some effort.
The orc priest hits you but does no damage.
You hit the orc priest but do no damage.
The orc priest is lightly wounded.
The orc priest hits you but does no damage.
You hit the orc priest but do no damage.
The orc priest is lightly wounded.
The orc priest calls down the wrath of Beogh upon you.
Beogh smites you!
You die...

##.## ##.#.##
##.###.## ##.##
##.######### #.##
##......... ##.##
##.########. .
##.###.## ####.
....###########.#.##
#.>..
#.........Yo♣..).##
#....
#..o.#############
#.... #o. #.... .
#.... #.... #....
##### #.# #.#


You could see an ice beast and an orc priest.

Vanquished Creatures
  Ijyb (D:3)
  Robin (D:3)
  A gnoll (D:1)
  3 adders
  2 oozes
  A worm (D:2)
  A dart slug (D:2)
  5 orcs (D:3)
  8 bats
  A giant cockroach (D:1)
  15 goblins
  14 hobgoblins
  3 jackals (D:2)
  11 kobolds
  2 ball pythons
  2 frilled lizards (D:2)
  8 rats
79 creatures vanquished.

Notes
Turn   | Place    | Note
-------+----------+-------------------------------------------
     0 | D:1      | Murumi the Vampire Enchanter began the quest for the Orb.
     0 | D:1      | Reached XP level 1. HP: 13/13 MP: 3/3
    65 | D:1      | Reached skill level 5 in Stealth
   206 | D:1      | Reached XP level 2. HP: 8/20 MP: 3/5
   222 | D:1      | Learned a level 2 spell: Ensorcelled Hibernation
   406 | D:1      | Reached skill level 1 in Fighting
   936 | D:1      | Reached XP level 3. HP: 14/26 MP: 0/6
  1005 | D:1      | Reached skill level 6 in Stealth
  1471 | D:2      | Found a sacrificial altar of Ru.
  1598 | D:2      | Reached skill level 7 in Stealth
  1685 | D:2      | Reached XP level 4. HP: 32/32 MP: 1/7
  1690 | D:2      | Learned a level 3 spell: Confuse
  2383 | D:3      | Found a burning altar of Makhleb.
  2384 | D:3      | Noticed Ijyb
  2397 | D:3      | Killed Ijyb
  2732 | D:3      | Reached skill level 8 in Stealth
  2732 | D:3      | Reached XP level 5. HP: 37/37 MP: 8/8
  2743 | D:3      | Noticed Robin
  2816 | D:3      | Killed Robin
  3343 | D:3      | Noticed an ice beast
  3349 | D:3      | Gained mutation: You are agile. (Dex +2) [potion of mutation]
  3349 | D:3      | Gained mutation: You possess an exceptional clarity of mind. [potion of mutation]
  3349 | D:3      | Gained mutation: You have an increased reservoir of magic. (+10% MP) [potion of mutation]
  3378 | D:3      | Killed from afar by an orc priest

Vault maps used:
D:1:      lemuel_arrival_muddy, st_stairs_11
D:2:      lemuel_doored_altar
D:3:      ashenzari_conservatory_becter, bloody_makhleb, marbit_many_paths,
          first_bread, uniq_robin, uniq_ijyb

Skill      XL: |  1  2  3  4 |
---------------+-------------+-----
Stealth        | 5 7 8 |  8.5
Fighting       | 1 |  1.0
Short Blades   | 2 |  2.1
Dodging        | |  2.1
Spellcasting   | |  2.0
Hexes          | |  4.4

Action                   |  1- 3 |  4- 6 || total
-------------------------+-------+-------++-------
Melee: Dagger            |   104 |   114 ||   218
       Bite              |     6 |     3 ||     9
 Cast: Corona            |     8 |       ||     8
       Ensorcelled Hiber |    23 |    31 ||    54
  Use: Scroll            |     3 |       ||     3
       Potion            |       |     6 ||     6
 Stab: Sleeping          |    21 |    26 ||    47
       Distracted        |     1 |       ||     1
Armor: Robe              |    23 |    19 ||    42
       Skin              |       |    21 ||    21
Dodge: Dodged            |    71 |    54 ||   125
